Penguins vs Canucks
Created - May 4, 2025 at 22:10
Goals
|
| Penguins |
2 |
0 |
1 |
3 |
| Canucks |
0 |
1 |
0 |
1 |
|
Shots
|
| Penguins |
12 |
13 |
9 |
34 |
| Canucks |
9 |
9 |
1 |
19 |
|
1st period
1. Penguins , Jakub Voracek 29 (John Tavares 55, Mark Scheifele 47) at 8:13
2. Penguins , Jakub Voracek 30 (John Tavares 56, Nick Leddy 17) at 17:42
Penalties :
Alex Goligoski (Van) for Cross-checking (Minor) at 3:16, Alex Goligoski (Van) for Roughing (Minor) at 8:28, Nick Leddy (Pit) for Roughing (Minor) at 18:38
2nd period
3. Canucks , Chris Tierney 20 (Denis Gurianov 16, Oliver Ekman-Larsson 22) at 15:12 (PP)
Penalties :
Alex Goligoski (Van) for Holding (Minor) at 7:19, Daniel Zaar (Van) for Delaying the game (Minor) at 11:32, Ondrej Pavelec (Pit) for Slashing (Minor) at 13:42 - Marcus Foligno served the penalty, Adam Ollas-Mattsson (Van) for Tripping (Minor) at 18:10
3rd period
4. Penguins , Mark Scheifele 37 (Sebastian Aho 33, Gavin Bayreuther 20) at 4:14
Penalties :
Robert Nilsson (Van) for Hooking (Minor) at 7:01, Brandon Tanev (Pit) for Roughing (Minor) at 16:50
Goalie Stats
Ondrej Pavelec (Pit), 18 saves from 19 shots - (0.947), W, 18-14-3, 60:00 minutes
Petr Mrazek (Van), 31 saves from 34 shots - (0.912), L, 24-32-7, 60:00 minutes
Players Stats for Penguins
Player Name G A P +/- PIM S H SB GA TA FO MP PP MP PK MP
------------------------------------------------------------------------------------
Adam Fox 0 0 0 0 0 0 3 0 0 2 0/0 25:08 7:20 2:04
Brandon Tanev 0 0 0 0 2 1 1 0 1 0 0/0 11:42 0:00 1:25
Brock Nelson 0 0 0 0 0 0 1 0 0 0 0/0 8:15 0:00 1:39
Gavin Bayreuther 0 1 1 1 0 1 0 0 1 0 0/0 11:20 0:00 0:00
Jakub Voracek 2 0 2 2 0 9 0 1 1 1 0/0 19:55 7:19 0:00
John Tavares 0 2 2 2 0 4 0 0 0 0 15/27 21:23 7:19 1:28
Keith Aulie 0 0 0 2 0 1 1 2 1 0 0/0 24:04 4:34 3:56
Kirill Kaprizov 0 0 0 2 0 0 0 0 0 0 2/2 21:18 7:19 0:13
Marcus Foligno 0 0 0 0 0 0 1 0 0 1 1/2 13:05 0:00 2:22
Mark Scheifele 1 1 2 1 0 6 2 1 0 0 1/1 16:08 4:35 0:00
Mathew Barzal 0 0 0 0 0 1 1 0 0 0 0/0 6:08 0:00 0:00
Max Reinhart 0 0 0 0 0 0 0 0 0 0 6/11 11:47 0:00 3:36
Nick Blankenburg 0 0 0 1 0 1 0 0 0 0 0/0 11:52 0:00 0:00
Nick Leddy 0 1 1 2 2 3 0 1 1 0 0/0 21:31 4:34 1:21
Oscar Klefbom 0 0 0 0 0 3 3 1 1 0 0/0 28:07 7:20 3:35
Pavel Zacha 0 0 0 1 0 0 1 0 0 1 0/0 16:08 4:35 0:00
Sam Gagner 0 0 0 0 0 3 0 0 0 1 3/4 10:31 0:00 0:13
Sebastian Aho 0 1 1 1 0 1 2 0 1 0 6/12 16:08 4:35 0:00
Players Stats for Canucks
Player Name G A P +/- PIM S H SB GA TA FO MP PP MP PK MP
------------------------------------------------------------------------------------
Adam Ollas-Mattsson 0 0 0 -2 2 0 1 1 0 0 0/0 13:07 0:46 2:32
Alex Goligoski 0 0 0 -1 6 0 0 0 0 0 0/0 18:28 2:01 1:59
Brock Boeser 0 0 0 0 0 3 0 3 1 0 0/2 14:08 3:05 0:00
Chris Tierney 1 0 1 0 0 2 1 0 0 1 4/10 18:56 2:23 4:11
Daniel Zaar 0 0 0 -3 2 2 1 0 0 1 1/2 12:17 0:00 0:00
Denis Gurianov 0 1 1 0 0 2 1 0 1 0 0/0 15:51 2:23 1:12
Gilbert Brule 0 0 0 0 0 0 1 0 0 0 1/2 5:51 0:00 0:03
J.T. Miller 0 0 0 0 0 3 4 2 0 0 2/8 25:47 2:55 6:18
Mark Jankowski 0 0 0 -3 0 0 1 0 0 1 2/4 14:36 0:00 2:18
Nicolas Petan 0 0 0 0 0 0 0 0 0 0 1/1 1:34 0:10 0:00
Oliver Ekman-Larsson 0 1 1 0 0 0 1 1 0 0 0/0 29:48 2:44 7:23
Robert Nilsson 0 0 0 -3 2 0 1 0 1 1 4/7 15:40 0:00 2:53
Ryan Lomberg 0 0 0 0 0 0 0 0 0 0 1/1 5:48 0:00 0:00
Tony DeAngelo 0 0 0 -2 0 0 0 0 0 0 0/0 8:53 0:43 0:00
Travis Hamonic 0 0 0 0 0 1 2 1 0 1 0/0 29:45 2:41 7:23
Tyler Cuma 0 0 0 -1 0 3 1 0 1 0 0/0 21:19 2:01 4:31
Tyler Kennedy 0 0 0 0 0 1 3 0 1 1 0/0 14:28 2:23 0:00
Yanni Gourde 0 0 0 0 0 2 2 0 1 1 9/22 21:44 3:05 6:53
3 Stars
1 - Jakub Voracek (Pit)
2 - Mark Scheifele (Pit)
3 - John Tavares (Pit)
Power Play
Penguins - 0 on 6 Attempt(s) - 0.00%
Canucks - 1 on 3 Attempt(s) - 33.33%
Penalty Kill
Penguins - 2 on 3 Attempt(s) - 66.67%
- Score 0 goal in Penalty Kill
Canucks - 6 on 6 Attempt(s) - 100.00%
- Score 0 goal in Penalty Kill
Team Stat
Penguins - Hits : 16 - Faceoff Wins : 34 - Blocked Shots : 6 - Penalty Minutes : 6
Canucks - Hits : 20 - Faceoff Wins : 25 - Blocked Shots : 8 - Penalty Minutes : 12
Official
Referees : Jean Hebert and Kevin Pollock
Linesman : Jesse Marquis and Steve Barton
Game Notes
No Game Note
Finance
Level 1 -- Attendance: 5326 (88.77%) -- Ticket Income $532,600
Level 2 -- Attendance: 4648 (92.96%) -- Ticket Income $325,360
Level 3 -- Attendance: 1873 (93.65%) -- Ticket Income $74,920
Level 4 -- Attendance: 3686 (92.15%) -- Ticket Income $110,580
Luxury Box -- Attendance: 889 (88.90%) -- Ticket Income $177,800
Game was played at the Rodgers Arena.
Total Attendance: 16422 (91.23%)
Total Ticket Income: $1,221,260
Other Income: $183,189
Total Income: $1,404,449
Penguins
5 vs 5 Forward
Center Left Wing Right Wing Time % Phy DF OF
1 John Tavares Kirill Kaprizov Jakub Voracek 40 1 2 2
2 Sebastian Aho Pavel Zacha Mark Scheifele 30 1 2 2
3 Sam Gagner Marcus Foligno Brandon Tanev 20 1 2 2
4 Max Reinhart Brock Nelson Mathew Barzal 10 1 2 2
5 vs 5 Defense
Defense Defense Time % Phy DF OF
1 Oscar Klefbom Adam Fox 45 1 2 2
2 Keith Aulie Nick Leddy 35 1 2 2
3 Gavin Bayreuther Nick Blankenburg 20 1 2 2
4 Oscar Klefbom Keith Aulie 0 1 2 2
PowerPlay Forward
Center Left Wing Right Wing Time % Phy DF OF
1 John Tavares Kirill Kaprizov Jakub Voracek 60 0 2 3
2 Sebastian Aho Pavel Zacha Mark Scheifele 40 0 2 3
PowerPlay Defense
Defense Defense Time % Phy DF OF
1 Oscar Klefbom Adam Fox 60 0 2 3
2 Keith Aulie Nick Leddy 40 0 2 3
Penalty Kill 4 Players Forward
Center Wing Time % Phy DF OF
1 Max Reinhart Marcus Foligno 60 1 3 1
2 John Tavares Brandon Tanev 40 1 3 1
Penalty Kill 4 Players Defense
Defense Defense Time % Phy DF OF
1 Oscar Klefbom Keith Aulie 60 1 3 1
2 Adam Fox Nick Leddy 40 1 3 1
Penalty Kill - 3 Players Forward
Forward Time % Phy DF OF
1 Max Reinhart 60 1 3 1
2 John Tavares 40 1 3 1
Penalty Kill - 3 Players Defense
Defense Defense Time % Phy DF OF
1 Oscar Klefbom Keith Aulie 60 1 3 1
2 Adam Fox Nick Leddy 40 1 3 1
4 vs 4 Forward
Center Wing Time % Phy DF OF
1 John Tavares Jakub Voracek 60 1 2 2
2 Sebastian Aho Mark Scheifele 40 1 2 2
4 vs 4 Defense
Defense Defense Time % Phy DF OF
1 Oscar Klefbom Adam Fox 60 1 2 2
2 Keith Aulie Nick Leddy 40 1 2 2
Last Minutes Offensive
Center Left Wing Right Wing Defense Defense
John Tavares Kirill Kaprizov Jakub Voracek Oscar Klefbom Adam Fox
Last Minutes Defensive
Center Left Wing Right Wing Defense Defense
John Tavares Marcus Foligno Mark Scheifele Oscar Klefbom Keith Aulie
Goaltenders
Starting : Ondrej Pavelec
Backup : Jeremy Swayman
Extra Forwards
Normal : John Tavares, Sebastian Aho, Sam Gagner - PP : John Tavares, Sebastian Aho - PK : Brandon Tanev
Extra Defensemen
Normal : Oscar Klefbom, Keith Aulie, Nick Blankenburg - PP : Adam Fox - PK : Oscar Klefbom, Adam Fox
Penalty Shots
John Tavares, Mark Scheifele, Pavel Zacha, Sebastian Aho, Kirill Kaprizov
Custom OT Lines Forwards
John Tavares, Mark Scheifele, Jakub Voracek, Pavel Zacha, Sebastian Aho, Kirill Kaprizov, Sam Gagner, Mathew Barzal, Marcus Foligno, Brandon Tanev
Custom OT Lines Defensemen
Oscar Klefbom, Adam Fox, Keith Aulie, Nick Leddy, Gavin Bayreuther
Scratches
Colin Wilson (Healthy)
Canucks
5 vs 5 Forward
Center Left Wing Right Wing Time % Phy DF OF
1 Yanni Gourde J.T. Miller Brock Boeser 40 1 2 2
2 Chris Tierney Denis Gurianov Tyler Kennedy 30 1 2 2
3 Robert Nilsson Mark Jankowski Daniel Zaar 20 1 2 2
4 Gilbert Brule Ryan Lomberg J.T. Miller 10 1 2 2
5 vs 5 Defense
Defense Defense Time % Phy DF OF
1 Oliver Ekman-Larsson Travis Hamonic 40 1 2 2
2 Alex Goligoski Tyler Cuma 30 1 2 2
3 Tony DeAngelo Adam Ollas-Mattsson 20 1 2 2
4 Oliver Ekman-Larsson Travis Hamonic 10 1 2 2
PowerPlay Forward
Center Left Wing Right Wing Time % Phy DF OF
1 Yanni Gourde J.T. Miller Brock Boeser 60 1 2 2
2 Chris Tierney Denis Gurianov Tyler Kennedy 40 1 2 2
PowerPlay Defense
Defense Defense Time % Phy DF OF
1 Oliver Ekman-Larsson Travis Hamonic 60 1 2 2
2 Alex Goligoski Tyler Cuma 40 1 2 2
Penalty Kill 4 Players Forward
Center Wing Time % Phy DF OF
1 J.T. Miller Yanni Gourde 60 1 2 2
2 Chris Tierney Robert Nilsson 40 1 2 2
Penalty Kill 4 Players Defense
Defense Defense Time % Phy DF OF
1 Oliver Ekman-Larsson Travis Hamonic 60 1 2 2
2 Alex Goligoski Tyler Cuma 40 1 2 2
Penalty Kill - 3 Players Forward
Forward Time % Phy DF OF
1 J.T. Miller 60 1 2 2
2 Yanni Gourde 40 1 2 2
Penalty Kill - 3 Players Defense
Defense Defense Time % Phy DF OF
1 Oliver Ekman-Larsson Travis Hamonic 60 1 2 2
2 Alex Goligoski Tyler Cuma 40 1 2 2
4 vs 4 Forward
Center Wing Time % Phy DF OF
1 J.T. Miller Yanni Gourde 60 1 2 2
2 Chris Tierney Robert Nilsson 40 1 2 2
4 vs 4 Defense
Defense Defense Time % Phy DF OF
1 Oliver Ekman-Larsson Travis Hamonic 60 1 2 2
2 Alex Goligoski Tyler Cuma 40 1 2 2
Last Minutes Offensive
Center Left Wing Right Wing Defense Defense
Yanni Gourde J.T. Miller Brock Boeser Oliver Ekman-Larsson Travis Hamonic
Last Minutes Defensive
Center Left Wing Right Wing Defense Defense
Yanni Gourde J.T. Miller Brock Boeser Oliver Ekman-Larsson Travis Hamonic
Goaltenders
Starting : Petr Mrazek
Backup : Matt Hackett
Extra Forwards
Normal : Nicolas Petan, Gilbert Brule, Mark Jankowski - PP : Nicolas Petan, Gilbert Brule - PK : Mark Jankowski
Extra Defensemen
Normal : Tony DeAngelo, Adam Ollas-Mattsson, Alex Goligoski - PP : Tony DeAngelo - PK : Adam Ollas-Mattsson, Alex Goligoski
Penalty Shots
J.T. Miller, Yanni Gourde, Chris Tierney, Robert Nilsson, Brock Boeser
Custom OT Lines Forwards
J.T. Miller, Yanni Gourde, Chris Tierney, Robert Nilsson, Brock Boeser, Gilbert Brule, Denis Gurianov, Mark Jankowski, Tyler Kennedy, Daniel Zaar
Custom OT Lines Defensemen
Oliver Ekman-Larsson, Travis Hamonic, Alex Goligoski, Tyler Cuma, Tony DeAngelo
Scratches
Ben Harpur (Healthy), Jordan Eberle (Suspend)
% Time on Ice - Penguins
Lines # - Real PCT - Wanted PCT - Time Play
Normal Forward
1 - 37% - 40% - 15:49
2 - 27% - 30% - 11:33
3 - 21% - 20% - 9:08
4 - 14% - 10% - 6:08
Normal Defense
1 - 40% - 45% - 16:59
2 - 32% - 35% - 13:34
3 - 27% - 20% - 11:20
4 - 2% - 0% - 0:45
PP Forward
1 - 61% - 60% - 7:19
2 - 39% - 40% - 4:35
PP Defense
1 - 62% - 60% - 7:20
2 - 38% - 40% - 4:34
PK Forward
1 - 81% - 60% - 4:27
2 - 19% - 40% - 1:01
PK Defense
1 - 62% - 60% - 3:24
2 - 38% - 40% - 2:04
PK3 Forward
1 - 0% - 60%
2 - 0% - 40%
PK3 Defense
1 - 0% - 60%
2 - 0% - 40%
44 Forward
1 - 0% - 60%
2 - 0% - 40%
44 Defense
1 - 0% - 60%
2 - 0% - 40%
Last Minute Offensive - 0:00
Last Minute Defensive - 0:00
Total
Forward - 60:00
Defense - 60:00
|
% Time on Ice - Canucks
Lines # - Real PCT - Wanted PCT - Time Play
Normal Forward
1 - 28% - 40% - 11:57
2 - 30% - 30% - 12:46
3 - 28% - 20% - 12:07
4 - 14% - 10% - 5:48
Normal Defense
1 - 43% - 40% - 18:26
2 - 35% - 30% - 14:47
3 - 19% - 20% - 8:10
4 - 3% - 10% - 1:15
PP Forward
1 - 56% - 60% - 3:05
2 - 44% - 40% - 2:23
PP Defense
1 - 54% - 60% - 2:58
2 - 46% - 40% - 2:30
PK Forward
1 - 69% - 60% - 8:12
2 - 31% - 40% - 3:42
PK Defense
1 - 62% - 60% - 7:23
2 - 38% - 40% - 4:31
PK3 Forward
1 - 0% - 60%
2 - 0% - 40%
PK3 Defense
1 - 0% - 60%
2 - 0% - 40%
44 Forward
1 - 0% - 60%
2 - 0% - 40%
44 Defense
1 - 0% - 60%
2 - 0% - 40%
Last Minute Offensive - 0:00
Last Minute Defensive - 0:00
Total
Forward - 60:00
Defense - 60:00
|
Play-by-Play
1st period
0:01 of 1st period - Yanni Gourde wins face-off versus John Tavares in neutral zone.
0:06 of 1st period - Snap shot by Brock Boeser.
0:06 of 1st period - Shot Misses the Net.
0:08 of 1st period - Wrist shot by Brock Boeser.
0:08 of 1st period - Stopped by Ondrej Pavelec with a rebound.
0:10 of 1st period - Wrist shot by Yanni Gourde.
0:10 of 1st period - Stopped by Ondrej Pavelec without a rebound.
0:11 of 1st period - Chris Tierney wins face-off versus Sebastian Aho in Penguins zone.
0:23 of 1st period - Slapshot by Tyler Kennedy.
0:23 of 1st period - Shot Misses the Net.
1:04 of 1st period - Wrist shot by Jakub Voracek.
1:04 of 1st period - Stopped by Petr Mrazek without a rebound.
1:05 of 1st period - Gilbert Brule wins face-off versus Max Reinhart in Canucks zone.
1:12 of 1st period - Slapshot by J.T. Miller.
1:12 of 1st period - Stopped by Ondrej Pavelec without a rebound.
1:13 of 1st period - Max Reinhart wins face-off versus Gilbert Brule in Penguins zone.
1:39 of 1st period - Snap shot by J.T. Miller.
1:39 of 1st period - Stopped by Ondrej Pavelec with a rebound.
2:46 of 1st period - Max Reinhart is hit by J.T. Miller and loses puck.
3:03 of 1st period - Snap shot by Mathew Barzal.
3:03 of 1st period - Stopped by Petr Mrazek without a rebound.
3:04 of 1st period - John Tavares wins face-off versus Chris Tierney in Canucks zone.
3:16 of 1st period - Minor Penalty to Alex Goligoski for Cross-checking.
3:17 of 1st period - John Tavares wins face-off versus Mark Jankowski in Canucks zone.
4:50 of 1st period - Icing by Keith Aulie.
4:51 of 1st period - Chris Tierney wins face-off versus John Tavares in Penguins zone.
4:58 of 1st period - Snap shot by Chris Tierney.
4:58 of 1st period - Stopped by Ondrej Pavelec without a rebound.
4:59 of 1st period - Sebastian Aho wins face-off versus J.T. Miller in Penguins zone.
5:16 of 1st period - Penalty to Alex Goligoski is over, Alex Goligoski is back on ice.
5:16 of 1st period - Wrist shot by Pavel Zacha.
5:16 of 1st period - Shot Blocked by Oliver Ekman-Larsson.
5:43 of 1st period - Icing by Travis Hamonic.
5:44 of 1st period - Robert Nilsson wins face-off versus John Tavares in Canucks zone.
6:15 of 1st period - Backhand shot by J.T. Miller.
6:15 of 1st period - Deflect By Brock Boeser.
6:15 of 1st period - Stopped by Ondrej Pavelec with a rebound.
6:23 of 1st period - Wrist shot by Yanni Gourde.
6:23 of 1st period - Stopped by Ondrej Pavelec with a rebound.
6:25 of 1st period - Snap shot by Travis Hamonic.
6:25 of 1st period - Deflect By Pavel Zacha.
6:25 of 1st period - Stopped by Ondrej Pavelec with a rebound.
6:55 of 1st period - Marcus Foligno is hit by Yanni Gourde and loses puck.
7:39 of 1st period - Off-side.
7:40 of 1st period - Mark Scheifele wins face-off versus Chris Tierney in neutral zone.
7:43 of 1st period - Wrist shot by Mark Scheifele.
7:43 of 1st period - Stopped by Petr Mrazek with a rebound.
7:58 of 1st period - Pavel Zacha is hit by Tyler Kennedy and loses puck.
8:13 of 1st period - Wrist shot by Jakub Voracek.
8:13 of 1st period - Goal by Jakub Voracek - Penguins : 1 - Canucks : 0.
8:14 of 1st period - John Tavares wins face-off versus Yanni Gourde in neutral zone.
8:25 of 1st period - Wrist shot by Jakub Voracek.
8:25 of 1st period - Stopped by Petr Mrazek without a rebound.
8:26 of 1st period - Yanni Gourde wins face-off versus John Tavares in Canucks zone.
8:28 of 1st period - Minor Penalty to Alex Goligoski for Roughing.
8:29 of 1st period - John Tavares wins face-off versus J.T. Miller in Canucks zone.
8:35 of 1st period - Wrist shot by Jakub Voracek.
8:35 of 1st period - Stopped by Petr Mrazek without a rebound.
8:36 of 1st period - John Tavares wins face-off versus J.T. Miller in Canucks zone.
8:47 of 1st period - Slapshot by Jakub Voracek.
8:47 of 1st period - Shot Misses the Net.
8:53 of 1st period - Jakub Voracek is hit by Yanni Gourde and loses puck.
10:00 of 1st period - Wrist shot by Kirill Kaprizov.
10:00 of 1st period - Shot Blocked by J.T. Miller.
10:14 of 1st period - Slapshot by Jakub Voracek.
10:14 of 1st period - Stopped by Petr Mrazek with a rebound.
10:28 of 1st period - Penalty to Alex Goligoski is over, Alex Goligoski is back on ice.
10:44 of 1st period - Snap shot by John Tavares.
10:44 of 1st period - Stopped by Petr Mrazek with a rebound.
10:57 of 1st period - Snap shot by Oscar Klefbom.
10:57 of 1st period - Stopped by Petr Mrazek without a rebound.
10:58 of 1st period - Nicolas Petan wins face-off versus Sebastian Aho in Canucks zone.
11:25 of 1st period - Marcus Foligno is hit by Adam Ollas-Mattsson.
12:08 of 1st period - Snap shot by Mark Scheifele.
12:08 of 1st period - Stopped by Petr Mrazek without a rebound.
12:09 of 1st period - Sebastian Aho wins face-off versus Chris Tierney in Canucks zone.
13:38 of 1st period - Nick Blankenburg is hit by Gilbert Brule and loses puck.
14:15 of 1st period - Max Reinhart is hit by Tyler Cuma.
14:25 of 1st period - Adam Fox is hit by Chris Tierney and loses puck.
14:32 of 1st period - Tyler Cuma is hit by Marcus Foligno and loses puck.
14:42 of 1st period - Alex Goligoski is hit by Mark Scheifele and loses puck.
15:04 of 1st period - Alex Goligoski is hit by Keith Aulie and loses puck.
15:53 of 1st period - Tyler Kennedy is hit by Mathew Barzal and loses puck.
16:16 of 1st period - Oscar Klefbom is hit by Travis Hamonic and loses puck.
16:57 of 1st period - Off-side.
16:58 of 1st period - John Tavares wins face-off versus Robert Nilsson in neutral zone.
17:42 of 1st period - Slapshot by Jakub Voracek.
17:42 of 1st period - Goal by Jakub Voracek - Penguins : 2 - Canucks : 0.
17:43 of 1st period - Sebastian Aho wins face-off versus Brock Boeser in neutral zone.
17:50 of 1st period - J.T. Miller is hit by Mark Scheifele and loses puck.
18:15 of 1st period - Snap shot by Tyler Kennedy.
18:15 of 1st period - Stopped by Ondrej Pavelec without a rebound.
18:16 of 1st period - John Tavares wins face-off versus Yanni Gourde in Penguins zone.
18:23 of 1st period - Wrist shot by John Tavares.
18:23 of 1st period - Shot Blocked by J.T. Miller.
18:25 of 1st period - Snap shot by John Tavares.
18:25 of 1st period - Stopped by Petr Mrazek with a rebound.
18:27 of 1st period - Wrist shot by Nick Leddy.
18:27 of 1st period - Shot Blocked by Brock Boeser.
18:38 of 1st period - Minor Penalty to Nick Leddy for Roughing.
18:39 of 1st period - Yanni Gourde wins face-off versus Max Reinhart in Penguins zone.
Goals for this period are 2 for Penguins vs 0 for Canucks.
Shots for this period are 12 for Penguins vs 9 for Canucks.
2nd period
0:01 of 2nd period - Max Reinhart wins face-off versus Yanni Gourde in neutral zone.
0:16 of 2nd period - Snap shot by Travis Hamonic.
0:16 of 2nd period - Deflect By Brock Boeser.
0:16 of 2nd period - Stopped by Ondrej Pavelec without a rebound.
0:17 of 2nd period - Max Reinhart wins face-off versus Yanni Gourde in Penguins zone.
0:17 of 2nd period - Max Reinhart is hit by J.T. Miller.
0:38 of 2nd period - Penalty to Nick Leddy is over, Nick Leddy is back on ice.
0:41 of 2nd period - Keith Aulie is hit by Travis Hamonic and loses puck.
0:58 of 2nd period - Wrist shot by Nick Leddy.
0:58 of 2nd period - Stopped by Petr Mrazek with a rebound.
1:00 of 2nd period - Slapshot by Nick Blankenburg.
1:00 of 2nd period - Shot Blocked by Travis Hamonic.
1:02 of 2nd period - Slapshot by Nick Blankenburg.
1:02 of 2nd period - Deflect By Denis Gurianov.
1:02 of 2nd period - Stopped by Petr Mrazek with a rebound.
1:30 of 2nd period - Chris Tierney is hit by Adam Fox.
1:58 of 2nd period - Wrist shot by Denis Gurianov.
1:58 of 2nd period - Shot Misses the Net.
2:40 of 2nd period - Slapshot by Tyler Cuma.
2:40 of 2nd period - Deflect By Max Reinhart.
2:40 of 2nd period - Stopped by Ondrej Pavelec without a rebound.
2:41 of 2nd period - Yanni Gourde wins face-off versus John Tavares in Penguins zone.
2:52 of 2nd period - Snap shot by Jakub Voracek.
2:52 of 2nd period - Shot Blocked by Adam Ollas-Mattsson.
3:13 of 2nd period - Snap shot by Oscar Klefbom.
3:13 of 2nd period - Stopped by Petr Mrazek with a rebound.
3:41 of 2nd period - Snap shot by Ryan Lomberg.
3:41 of 2nd period - Shot Blocked by Keith Aulie.
4:29 of 2nd period - Slapshot by Tyler Cuma.
4:29 of 2nd period - Stopped by Ondrej Pavelec with a rebound.
4:39 of 2nd period - Snap shot by Sam Gagner.
4:39 of 2nd period - Stopped by Petr Mrazek without a rebound.
4:40 of 2nd period - John Tavares wins face-off versus Robert Nilsson in Canucks zone.
4:41 of 2nd period - Snap shot by Jakub Voracek.
4:41 of 2nd period - Shot Misses the Net.
5:28 of 2nd period - Wrist shot by Brandon Tanev.
5:28 of 2nd period - Stopped by Petr Mrazek without a rebound.
5:29 of 2nd period - John Tavares wins face-off versus Daniel Zaar in Canucks zone.
5:38 of 2nd period - Slapshot by Jakub Voracek.
5:38 of 2nd period - Stopped by Petr Mrazek without a rebound.
5:39 of 2nd period - Robert Nilsson wins face-off versus John Tavares in Canucks zone.
5:44 of 2nd period - Slapshot by Travis Hamonic.
5:44 of 2nd period - Shot Misses the Net.
5:50 of 2nd period - Slapshot by Oscar Klefbom.
5:50 of 2nd period - Stopped by Petr Mrazek with a rebound.
5:52 of 2nd period - Snap shot by Jakub Voracek.
5:52 of 2nd period - Stopped by Petr Mrazek without a rebound.
5:53 of 2nd period - Sebastian Aho wins face-off versus Brock Boeser in Canucks zone.
5:54 of 2nd period - Wrist shot by Mark Scheifele.
5:54 of 2nd period - Shot Blocked by Brock Boeser.
5:56 of 2nd period - Wrist shot by Mark Scheifele.
5:56 of 2nd period - Shot Misses the Net.
5:58 of 2nd period - Backhand shot by Sebastian Aho.
5:58 of 2nd period - Stopped by Petr Mrazek with a rebound.
6:32 of 2nd period - Oscar Klefbom is hit by Tyler Kennedy and loses puck.
6:55 of 2nd period - Snap shot by Daniel Zaar.
6:55 of 2nd period - Stopped by Ondrej Pavelec without a rebound.
6:56 of 2nd period - Sebastian Aho wins face-off versus Yanni Gourde in Penguins zone.
7:19 of 2nd period - Minor Penalty to Alex Goligoski for Holding.
7:20 of 2nd period - Yanni Gourde wins face-off versus John Tavares in Canucks zone.
8:04 of 2nd period - Tyler Cuma is hit by Adam Fox and loses puck.
9:07 of 2nd period - Icing by Adam Fox.
9:08 of 2nd period - Mark Jankowski wins face-off versus John Tavares in Penguins zone.
9:11 of 2nd period - Snap shot by Tyler Cuma.
9:11 of 2nd period - Deflect By Denis Gurianov.
9:11 of 2nd period - Shot Blocked by Jakub Voracek.
9:11 of 2nd period - Puck is out of play.
9:12 of 2nd period - Mark Jankowski wins face-off versus Sebastian Aho in Penguins zone.
9:15 of 2nd period - Snap shot by Denis Gurianov.
9:15 of 2nd period - Stopped by Ondrej Pavelec with a rebound.
9:19 of 2nd period - Penalty to Alex Goligoski is over, Alex Goligoski is back on ice.
10:20 of 2nd period - Oscar Klefbom is hit by Daniel Zaar and loses puck.
10:51 of 2nd period - Yanni Gourde is hit by Brock Nelson and loses puck.
11:32 of 2nd period - Minor Penalty to Daniel Zaar for Delaying the game.
11:33 of 2nd period - Kirill Kaprizov wins face-off versus J.T. Miller in Canucks zone.
11:59 of 2nd period - Adam Fox is hit by Robert Nilsson and loses puck.
12:06 of 2nd period - Backhand shot by Tyler Cuma.
12:06 of 2nd period - Stopped by Ondrej Pavelec with a rebound.
12:08 of 2nd period - Snap shot by Robert Nilsson.
12:08 of 2nd period - Shot Blocked by Mark Scheifele.
12:10 of 2nd period - Slapshot by Tyler Cuma.
12:10 of 2nd period - Deflect By Chris Tierney.
12:10 of 2nd period - Shot Blocked by Oscar Klefbom.
12:10 of 2nd period - Puck is out of play.
12:11 of 2nd period - J.T. Miller wins face-off versus John Tavares in Penguins zone.
12:28 of 2nd period - Snap shot by Jakub Voracek.
12:28 of 2nd period - Shot Misses the Net.
13:32 of 2nd period - Penalty to Daniel Zaar is over, Daniel Zaar is back on ice.
13:40 of 2nd period - Wrist shot by Chris Tierney.
13:40 of 2nd period - Shot Blocked by Nick Leddy.
13:42 of 2nd period - Snap shot by Daniel Zaar.
13:42 of 2nd period - Stopped by Ondrej Pavelec without a rebound.
13:42 of 2nd period - Minor Penalty to Ondrej Pavelec for Slashing.
13:43 of 2nd period - Chris Tierney wins face-off versus Max Reinhart in Penguins zone.
13:48 of 2nd period - Slapshot by Chris Tierney.
13:48 of 2nd period - Deflect By Keith Aulie.
13:48 of 2nd period - Shot Misses the Net.
13:48 of 2nd period - Puck is out of play.
13:49 of 2nd period - Max Reinhart wins face-off versus Chris Tierney in Penguins zone.
13:58 of 2nd period - Wrist shot by Denis Gurianov.
13:58 of 2nd period - Stopped by Ondrej Pavelec without a rebound.
13:59 of 2nd period - Max Reinhart wins face-off versus Yanni Gourde in Penguins zone.
13:59 of 2nd period - Max Reinhart is hit by J.T. Miller.
14:55 of 2nd period - Snap shot by John Tavares.
14:55 of 2nd period - Stopped by Petr Mrazek without a rebound.
14:56 of 2nd period - Chris Tierney wins face-off versus Max Reinhart in Canucks zone.
15:12 of 2nd period - Slapshot by Chris Tierney.
15:12 of 2nd period - Goal by Chris Tierney - Penguins : 2 - Canucks : 1.
15:13 of 2nd period - John Tavares wins face-off versus Yanni Gourde in neutral zone.
15:29 of 2nd period - Wrist shot by Yanni Gourde.
15:29 of 2nd period - Shot Misses the Net.
15:39 of 2nd period - Oscar Klefbom is hit by Oliver Ekman-Larsson and loses puck.
16:13 of 2nd period - Backhand shot by Sebastian Aho.
16:13 of 2nd period - Deflect By Denis Gurianov.
16:13 of 2nd period - Shot Misses the Net.
16:13 of 2nd period - Puck is out of play.
16:14 of 2nd period - Yanni Gourde wins face-off versus Sebastian Aho in Canucks zone.
16:37 of 2nd period - Snap shot by Mark Scheifele.
16:37 of 2nd period - Stopped by Petr Mrazek without a rebound.
16:38 of 2nd period - Sam Gagner wins face-off versus Chris Tierney in Canucks zone.
16:49 of 2nd period - Snap shot by Brandon Tanev.
16:49 of 2nd period - Deflect By Sam Gagner.
16:49 of 2nd period - Shot Misses the Net.
16:49 of 2nd period - Puck is out of play.
16:50 of 2nd period - John Tavares wins face-off versus Yanni Gourde in Canucks zone.
18:07 of 2nd period - Slapshot by Nick Leddy.
18:07 of 2nd period - Stopped by Petr Mrazek without a rebound.
18:08 of 2nd period - Yanni Gourde wins face-off versus Max Reinhart in Canucks zone.
18:10 of 2nd period - Minor Penalty to Adam Ollas-Mattsson for Tripping.
18:11 of 2nd period - J.T. Miller wins face-off versus John Tavares in Canucks zone.
18:49 of 2nd period - Robert Nilsson is hit by Oscar Klefbom and loses puck.
19:02 of 2nd period - Backhand shot by Keith Aulie.
19:02 of 2nd period - Stopped by Petr Mrazek with a rebound.
Goals for this period are 0 for Penguins vs 1 for Canucks.
Shots for this period are 13 for Penguins vs 9 for Canucks.
3rd period
0:01 of 3rd period - John Tavares wins face-off versus J.T. Miller in neutral zone.
0:04 of 3rd period - Oliver Ekman-Larsson is hit by Adam Fox and loses puck.
0:10 of 3rd period - Penalty to Adam Ollas-Mattsson is over, Adam Ollas-Mattsson is back on ice.
1:02 of 3rd period - Off-side.
1:03 of 3rd period - Robert Nilsson wins face-off versus John Tavares in neutral zone.
1:45 of 3rd period - Snap shot by Mark Scheifele.
1:45 of 3rd period - Stopped by Petr Mrazek without a rebound.
1:46 of 3rd period - Sam Gagner wins face-off versus Yanni Gourde in Canucks zone.
2:15 of 3rd period - John Tavares is hit by Denis Gurianov and loses puck.
3:13 of 3rd period - Ryan Lomberg is hit by Brandon Tanev and loses puck.
3:47 of 3rd period - Slapshot by Robert Nilsson.
3:47 of 3rd period - Shot Misses the Net.
3:50 of 3rd period - Icing by Gavin Bayreuther.
3:51 of 3rd period - Robert Nilsson wins face-off versus Sebastian Aho in Penguins zone.
4:14 of 3rd period - Backhand shot by Mark Scheifele.
4:14 of 3rd period - Goal by Mark Scheifele - Penguins : 3 - Canucks : 1.
4:15 of 3rd period - John Tavares wins face-off versus Yanni Gourde in neutral zone.
4:31 of 3rd period - Snap shot by Jakub Voracek.
4:31 of 3rd period - Stopped by Petr Mrazek without a rebound.
4:32 of 3rd period - Sebastian Aho wins face-off versus Chris Tierney in Canucks zone.
5:00 of 3rd period - Wrist shot by Denis Gurianov.
5:00 of 3rd period - Shot Misses the Net.
5:02 of 3rd period - Snap shot by Brock Boeser.
5:02 of 3rd period - Shot Misses the Net.
5:21 of 3rd period - Off-side.
5:22 of 3rd period - Daniel Zaar wins face-off versus Marcus Foligno in neutral zone.
5:25 of 3rd period - Snap shot by Robert Nilsson.
5:25 of 3rd period - Shot Blocked by Keith Aulie.
5:47 of 3rd period - Keith Aulie is hit by J.T. Miller and loses puck.
5:54 of 3rd period - Slapshot by John Tavares.
5:54 of 3rd period - Stopped by Petr Mrazek without a rebound.
5:55 of 3rd period - Kirill Kaprizov wins face-off versus Yanni Gourde in Canucks zone.
6:48 of 3rd period - Wrist shot by Sam Gagner.
6:48 of 3rd period - Stopped by Petr Mrazek with a rebound.
7:01 of 3rd period - Minor Penalty to Robert Nilsson for Hooking.
7:02 of 3rd period - John Tavares wins face-off versus J.T. Miller in Canucks zone.
7:28 of 3rd period - J.T. Miller is hit by Oscar Klefbom and loses puck.
7:33 of 3rd period - Snap shot by Mark Scheifele.
7:33 of 3rd period - Shot Misses the Net.
8:35 of 3rd period - Mark Jankowski is hit by Sebastian Aho.
9:01 of 3rd period - Penalty to Robert Nilsson is over, Robert Nilsson is back on ice.
9:34 of 3rd period - Icing by Gavin Bayreuther.
9:35 of 3rd period - Max Reinhart wins face-off versus Mark Jankowski in Penguins zone.
10:04 of 3rd period - Wrist shot by Brandon Tanev.
10:04 of 3rd period - Shot Misses the Net.
11:31 of 3rd period - Wrist shot by J.T. Miller.
11:31 of 3rd period - Shot Misses the Net.
11:33 of 3rd period - Slapshot by J.T. Miller.
11:33 of 3rd period - Deflect By Gilbert Brule.
11:33 of 3rd period - Shot Misses the Net.
11:33 of 3rd period - Puck is out of play.
11:34 of 3rd period - Ryan Lomberg wins face-off versus Sebastian Aho in Penguins zone.
11:59 of 3rd period - Snap shot by John Tavares.
11:59 of 3rd period - Shot Misses the Net.
12:01 of 3rd period - Snap shot by Gavin Bayreuther.
12:01 of 3rd period - Stopped by Petr Mrazek without a rebound.
12:02 of 3rd period - John Tavares wins face-off versus Robert Nilsson in Canucks zone.
12:03 of 3rd period - Snap shot by Jakub Voracek.
12:03 of 3rd period - Shot Misses the Net.
12:42 of 3rd period - Icing by Travis Hamonic.
12:43 of 3rd period - Yanni Gourde wins face-off versus John Tavares in Canucks zone.
13:12 of 3rd period - Snap shot by Sam Gagner.
13:12 of 3rd period - Shot Blocked by Brock Boeser.
13:14 of 3rd period - Backhand shot by Nick Leddy.
13:14 of 3rd period - Stopped by Petr Mrazek with a rebound.
13:16 of 3rd period - Snap shot by Sam Gagner.
13:16 of 3rd period - Shot Misses the Net.
13:22 of 3rd period - Snap shot by Sam Gagner.
13:22 of 3rd period - Shot Misses the Net.
13:34 of 3rd period - Tyler Kennedy is hit by Pavel Zacha.
15:06 of 3rd period - Daniel Zaar is hit by Sebastian Aho and loses puck.
15:13 of 3rd period - Wrist shot by Mark Scheifele.
15:13 of 3rd period - Stopped by Petr Mrazek without a rebound.
15:14 of 3rd period - Yanni Gourde wins face-off versus Sam Gagner in Canucks zone.
15:21 of 3rd period - Wrist shot by J.T. Miller.
15:21 of 3rd period - Stopped by Ondrej Pavelec with a rebound.
16:50 of 3rd period - Minor Penalty to Brandon Tanev for Roughing.
16:51 of 3rd period - Marcus Foligno wins face-off versus Yanni Gourde in Penguins zone.
17:18 of 3rd period - Oscar Klefbom is hit by Tyler Kennedy and loses puck.
18:46 of 3rd period - Wrist shot by Sam Gagner.
18:46 of 3rd period - Stopped by Petr Mrazek without a rebound.
18:47 of 3rd period - Sam Gagner wins face-off versus Yanni Gourde in Canucks zone.
18:50 of 3rd period - Penalty to Brandon Tanev is over, Brandon Tanev is back on ice.
19:42 of 3rd period - Alex Goligoski is hit by Oscar Klefbom and loses puck.
19:51 of 3rd period - Keith Aulie is hit by Mark Jankowski and loses puck.
Goals for this period are 1 for Penguins vs 0 for Canucks.
Shots for this period are 9 for Penguins vs 1 for Canucks.